Wolfpack vs Wranglers
Created - January 16, 2025 at 20:32
Goals
|
| Wolfpack |
3 |
5 |
0 |
8 |
| Wranglers |
1 |
0 |
0 |
1 |
|
Shots
|
| Wolfpack |
11 |
11 |
10 |
32 |
| Wranglers |
8 |
16 |
9 |
33 |
|
1st period
1. Wolfpack , Dryden Hunt 7 (Ryan Culkin 12, Samuel Ersson) at 7:10
2. Wolfpack , Alexander Barabanov 16 (Owen Tippet 12) at 8:08
3. Wranglers , Phillip Danault 6 (Peter Cehlarik 31) at 9:46 (SH)
4. Wolfpack , Alex Barre-Boulet 12 (Cale Fleury 3) at 14:26
Penalties :
Vitali Kravtsov (Cal) for Holding (Minor) at 9:29, Frank Corrado (Cal) for Roughing (Double Minor) at 14:29
2nd period
5. Wolfpack , Nolan Patrick 20 (Mikhail Vorobyev 4, Ryan Culkin 13) at 2:29
6. Wolfpack , Nolan Patrick 21 (Sebastian Collberg 19) at 5:04
7. Wolfpack , Jeffrey Viel 1 (Colton White 18) at 6:59
8. Wolfpack , Jake Marchment 5 (Alexander Volkov 6, Derrick Pouliot 28) at 13:55
9. Wolfpack , Owen Tippet 10 (Colton White 19, Derrick Pouliot 29) at 19:45
Penalties :
Nolan Patrick (Har) for Tripping (Minor) at 0:15, Alex Barre-Boulet (Har) for Tripping (Minor) at 7:32
3rd period
No Goal
Penalties :
Sebastian Collberg (Har) for Tripping (Minor) at 3:16, Chandler Stephenson (Cal) for Slashing (Minor) at 10:02, Ryan Culkin (Har) for Delaying the game (Minor) at 17:45
Goalie Stats
Samuel Ersson (Har), 32 saves from 33 shots - (0.970), W, 5-7-2, 60:00 minutes
Joel Hofer (Cal), 18 saves from 22 shots - (0.818), L, 2-7-0, 42:44 minutes
Vitek Vanecek (Cal), 6 saves from 10 shots - (0.600), 17:16 minutes
Players Stats for Wolfpack
Player Name G A P +/- PIM S H SB GA TA FO MP PP MP PK MP
------------------------------------------------------------------------------------
Alex Barre-Boulet 1 0 1 4 2 4 1 1 0 0 8/13 16:22 3:10 0:52
Alexander Barabanov 1 0 1 4 0 4 2 0 0 0 2/2 18:47 3:16 3:30
Alexander Volkov 0 1 1 2 0 2 0 0 1 0 0/0 10:21 1:13 0:00
Andrei Altybarmakyan 0 0 0 0 0 0 0 0 1 0 0/0 7:15 0:00 0:00
Cale Fleury 0 1 1 3 0 1 1 1 1 2 0/0 17:46 0:38 2:11
Colton White 0 2 2 3 0 4 0 3 1 1 0/0 30:10 4:35 5:15
Derrick Pouliot 0 2 2 3 0 4 0 5 1 0 0/0 29:15 4:33 4:49
Dryden Hunt 1 0 1 0 0 1 4 1 0 0 0/0 22:49 3:19 4:02
Jake Marchment 1 0 1 2 0 2 4 0 0 0 1/2 13:31 1:09 2:43
Jakub Lauko 0 0 0 0 0 0 3 0 0 1 0/0 7:15 0:00 0:00
Jeffrey Viel 1 0 1 3 0 1 1 0 0 0 0/0 12:01 1:22 1:16
Joshua Jacobs 0 0 0 3 0 0 1 0 0 1 0/0 13:35 1:02 0:42
K'Andre Miller 0 0 0 1 0 0 0 2 0 0 0/0 8:02 2:01 0:38
Mikhail Vorobyev 0 1 1 1 0 1 2 0 0 1 1/1 8:03 0:00 0:33
Nolan Patrick 2 0 2 1 2 3 3 1 0 0 17/37 22:26 3:38 2:56
Owen Tippet 1 1 2 4 0 4 1 1 0 0 1/3 15:09 3:10 0:00
Ryan Culkin 0 2 2 1 2 1 0 1 0 1 0/0 20:32 3:05 2:17
Sebastian Collberg 0 1 1 0 2 0 2 0 1 0 0/0 18:41 3:34 0:00
Players Stats for Wranglers
Player Name G A P +/- PIM S H SB GA TA FO MP PP MP PK MP
------------------------------------------------------------------------------------
Barclay Goodrow 0 0 0 -3 0 3 0 0 0 0 3/3 21:50 3:58 2:09
Brandon Hickey 0 0 0 -4 0 3 1 1 0 1 0/0 22:49 3:26 2:33
Chandler Stephenson 0 0 0 -2 2 2 0 0 0 0 6/12 16:31 3:37 1:04
Christian Jaros 0 0 0 -3 0 1 0 1 0 0 0/0 21:01 3:26 2:41
Dominik Masin 0 0 0 1 0 1 1 2 0 1 0/0 15:25 0:00 5:01
Erik Brannstrom 0 0 0 -4 0 7 0 1 0 1 0/0 23:46 4:30 1:41
Frank Corrado 0 0 0 -4 4 1 1 1 0 1 0/0 26:00 4:30 2:56
Jesper Bratt 0 0 0 -2 0 3 3 0 2 0 0/0 15:32 3:37 0:00
Kaapo Kakko 0 0 0 0 0 0 2 0 0 1 0/0 7:01 0:00 0:00
Nico Sturm 0 0 0 -3 0 3 2 2 1 0 10/26 22:06 3:58 2:25
Peter Cehlarik 0 1 1 -2 0 3 2 0 2 0 1/2 23:22 3:58 4:03
Phillip Danault 1 0 1 -2 0 3 1 0 0 0 5/8 16:27 0:21 4:16
Ryan Donato 0 0 0 -3 0 0 2 1 1 0 1/3 10:29 0:21 0:36
Tanner Jeannot 0 0 0 -2 0 0 0 1 0 0 0/0 13:09 3:37 0:00
Taylor Raddysh 0 0 0 -3 0 1 0 0 1 0 1/1 9:53 0:21 0:00
Trevor Carrick 0 0 0 0 0 0 1 1 0 1 0/0 10:44 0:00 0:47
Vitali Kravtsov 0 0 0 0 2 0 0 0 0 0 1/1 8:54 0:00 1:36
Vladislav Kamenev 0 0 0 0 0 2 1 0 0 0 0/2 7:01 0:00 0:00
3 Stars
1 - Owen Tippet (Har)
2 - Samuel Ersson (Har)
3 - Nolan Patrick (Har)
Power Play
Wolfpack - 0 on 4 Attempt(s) - 0.00%
Wranglers - 0 on 4 Attempt(s) - 0.00%
Penalty Kill
Wolfpack - 4 on 4 Attempt(s) - 100.00%
- Score 0 goal in Penalty Kill
Wranglers - 4 on 4 Attempt(s) - 100.00%
- Score 1 goal in Penalty Kill
Team Stat
Wolfpack - Hits : 25 - Faceoff Wins : 30 - Blocked Shots : 16 - Penalty Minutes : 8
Wranglers - Hits : 17 - Faceoff Wins : 28 - Blocked Shots : 11 - Penalty Minutes : 8
Official
Referees : Corey Syvret and Dan Kelly
Linesman : Libor Suchanek and Travis Toomey
Game Notes
Vitek Vanecek enters game at 2:29 of 2nd period
K'Andre Miller is injured at 3:18 of 2nd period (Left Knee)
19:45 of 2nd period - Wolfpack goal is going for a video replay. After video review, Goal.
Joel Hofer enters game at 19:45 of 2nd period
Finance
Level 1 -- Attendance: 1982 (99.10%) -- Ticket Income $138,740
Level 2 -- Attendance: 939 (93.90%) -- Ticket Income $37,560
Total Attendance: 2921 (97.37%)
Total Ticket Income: $176,300
Other Income: $8,815
Total Income: $185,115
Wolfpack
5 vs 5 Forward
Center Left Wing Right Wing Time % Phy DF OF
1 Nolan Patrick Dryden Hunt Sebastian Collberg 40 1 2 2
2 Alex Barre-Boulet Alexander Barabanov Owen Tippet 30 1 2 2
3 Jake Marchment Jeffrey Viel Alexander Volkov 20 1 2 2
4 Mikhail Vorobyev Jakub Lauko Andrei Altybarmakyan 10 1 2 2
5 vs 5 Defense
Defense Defense Time % Phy DF OF
1 Derrick Pouliot Colton White 40 1 2 2
2 Ryan Culkin K'Andre Miller 30 1 2 2
3 Cale Fleury Joshua Jacobs 20 1 2 2
4 Derrick Pouliot Colton White 10 1 2 2
PowerPlay Forward
Center Left Wing Right Wing Time % Phy DF OF
1 Nolan Patrick Dryden Hunt Sebastian Collberg 60 1 2 2
2 Alex Barre-Boulet Alexander Barabanov Owen Tippet 40 1 2 2
PowerPlay Defense
Defense Defense Time % Phy DF OF
1 Derrick Pouliot Colton White 60 1 2 2
2 Ryan Culkin K'Andre Miller 40 1 2 2
Penalty Kill 4 Players Forward
Center Wing Time % Phy DF OF
1 Nolan Patrick Dryden Hunt 60 1 2 2
2 Alex Barre-Boulet Alexander Barabanov 40 1 2 2
Penalty Kill 4 Players Defense
Defense Defense Time % Phy DF OF
1 Derrick Pouliot Colton White 60 1 2 2
2 Ryan Culkin K'Andre Miller 40 1 2 2
Penalty Kill - 3 Players Forward
Forward Time % Phy DF OF
1 Nolan Patrick 60 1 2 2
2 Alex Barre-Boulet 40 1 2 2
Penalty Kill - 3 Players Defense
Defense Defense Time % Phy DF OF
1 Derrick Pouliot Colton White 60 1 2 2
2 Ryan Culkin K'Andre Miller 40 1 2 2
4 vs 4 Forward
Center Wing Time % Phy DF OF
1 Nolan Patrick Dryden Hunt 60 1 2 2
2 Alex Barre-Boulet Alexander Barabanov 40 1 2 2
4 vs 4 Defense
Defense Defense Time % Phy DF OF
1 Derrick Pouliot Colton White 60 1 2 2
2 Ryan Culkin K'Andre Miller 40 1 2 2
Last Minutes Offensive
Center Left Wing Right Wing Defense Defense
Nolan Patrick Dryden Hunt Sebastian Collberg Derrick Pouliot Colton White
Last Minutes Defensive
Center Left Wing Right Wing Defense Defense
Nolan Patrick Dryden Hunt Sebastian Collberg Derrick Pouliot Colton White
Goaltenders
Starting : Samuel Ersson
Backup : Charlie Lindgren
Extra Forwards
Normal : Alexander Barabanov, Alex Barre-Boulet, Jake Marchment - PP : Alexander Barabanov, Alex Barre-Boulet - PK : Alexander Barabanov
Extra Defensemen
Normal : K'Andre Miller, Cale Fleury, Joshua Jacobs - PP : K'Andre Miller - PK : K'Andre Miller, Cale Fleury
Penalty Shots
Sebastian Collberg, Nolan Patrick, Owen Tippet, Dryden Hunt, Alexander Barabanov
Custom OT Lines Forwards
Sebastian Collberg, Nolan Patrick, Owen Tippet, Dryden Hunt, Alexander Barabanov, Alex Barre-Boulet, Jake Marchment, Alexander Volkov, Andrei Altybarmakyan, Mikhail Vorobyev
Custom OT Lines Defensemen
Derrick Pouliot, Colton White, Ryan Culkin, K'Andre Miller, Cale Fleury
Scratches
Ryan Poehling (Healthy), Mason Shaw (Healthy), Ben Jones (Healthy), Samuel Houde (Healthy), Dylan Samberg (Healthy)
Shane Pinto (Healthy), Andrew Peeke (Healthy), Dante Fabbro (Healthy), Yegor Korshkov (Severed Right Wrist Tendon Injury), Linus Sandin (Healthy)
Jack Drury (Healthy), Martin Kaut (Healthy), Mathias Laferriere (Healthy), Maxwell Crozier (Healthy), Will Francis (Healthy)
Dustin Wolf (Healthy)
Wranglers
5 vs 5 Forward
Center Left Wing Right Wing Time % Phy DF OF
1 Nico Sturm Peter Cehlarik Barclay Goodrow 40 1 2 2
2 Chandler Stephenson Jesper Bratt Phillip Danault 30 1 2 2
3 Ryan Donato Tanner Jeannot Taylor Raddysh 20 1 2 2
4 Vladislav Kamenev Vitali Kravtsov Kaapo Kakko 10 1 2 2
5 vs 5 Defense
Defense Defense Time % Phy DF OF
1 Erik Brannstrom Frank Corrado 40 1 2 2
2 Brandon Hickey Christian Jaros 30 1 2 2
3 Dominik Masin Trevor Carrick 20 1 2 2
4 Brandon Hickey Frank Corrado 10 1 2 2
PowerPlay Forward
Center Left Wing Right Wing Time % Phy DF OF
1 Nico Sturm Peter Cehlarik Barclay Goodrow 60 1 2 2
2 Chandler Stephenson Jesper Bratt Tanner Jeannot 40 1 2 2
PowerPlay Defense
Defense Defense Time % Phy DF OF
1 Erik Brannstrom Frank Corrado 60 1 2 2
2 Brandon Hickey Christian Jaros 40 1 2 2
Penalty Kill 4 Players Forward
Center Wing Time % Phy DF OF
1 Phillip Danault Peter Cehlarik 60 1 2 2
2 Nico Sturm Barclay Goodrow 40 1 2 2
Penalty Kill 4 Players Defense
Defense Defense Time % Phy DF OF
1 Dominik Masin Frank Corrado 60 1 2 2
2 Brandon Hickey Christian Jaros 40 1 2 2
Penalty Kill - 3 Players Forward
Forward Time % Phy DF OF
1 Phillip Danault 60 1 2 2
2 Nico Sturm 40 1 2 2
Penalty Kill - 3 Players Defense
Defense Defense Time % Phy DF OF
1 Dominik Masin Frank Corrado 60 1 2 2
2 Brandon Hickey Christian Jaros 40 1 2 2
4 vs 4 Forward
Center Wing Time % Phy DF OF
1 Nico Sturm Peter Cehlarik 60 1 2 2
2 Chandler Stephenson Phillip Danault 40 1 2 2
4 vs 4 Defense
Defense Defense Time % Phy DF OF
1 Dominik Masin Frank Corrado 60 1 2 2
2 Brandon Hickey Christian Jaros 40 1 2 2
Last Minutes Offensive
Center Left Wing Right Wing Defense Defense
Nico Sturm Peter Cehlarik Barclay Goodrow Erik Brannstrom Frank Corrado
Last Minutes Defensive
Center Left Wing Right Wing Defense Defense
Nico Sturm Peter Cehlarik Barclay Goodrow Dominik Masin Frank Corrado
Goaltenders
Starting : Joel Hofer
Backup : Vitek Vanecek
Extra Forwards
Normal : Jesper Bratt, Peter Cehlarik, Nico Sturm - PP : Jesper Bratt, Chandler Stephenson - PK : Nico Sturm
Extra Defensemen
Normal : Christian Jaros, Brandon Hickey, Dominik Masin - PP : Dominik Masin - PK : Erik Brannstrom, Christian Jaros
Penalty Shots
Jesper Bratt, Peter Cehlarik, Nico Sturm, Chandler Stephenson, Barclay Goodrow
Custom OT Lines Forwards
Tanner Jeannot, Peter Cehlarik, Chandler Stephenson, Nico Sturm, Jesper Bratt, Taylor Raddysh, Phillip Danault, Ryan Donato, Barclay Goodrow, Vladislav Kamenev
Custom OT Lines Defensemen
Erik Brannstrom, Frank Corrado, Brandon Hickey, Christian Jaros, Dominik Masin
Scratches
Filip Hallander (Healthy), Skyler Brind'Amour (Healthy), Darren Raddysh (Healthy), Tim Berni (Healthy), Petteri Lindbohm (Healthy)
Ivan Chekhovich (Healthy), Radim Zohorna (Healthy), Demetrios Koumontzis (Healthy), Zac Jones (Healthy), Yegor Zaitsev (Healthy)
Lucas Feuk (Healthy), Cole Schwindt (Healthy), Collin Delia (Healthy)
% Time on Ice - Wolfpack
Lines # - Real PCT - Wanted PCT - Time Play
Normal Forward
1 - 36% - 40% - 15:45
2 - 27% - 30% - 11:59
3 - 21% - 20% - 9:08
4 - 16% - 10% - 7:15
Normal Defense
1 - 32% - 40% - 14:16
2 - 40% - 30% - 17:38
3 - 23% - 20% - 10:15
4 - 4% - 10% - 1:58
PP Forward
1 - 60% - 60% - 4:44
2 - 40% - 40% - 3:13
PP Defense
1 - 56% - 60% - 4:28
2 - 44% - 40% - 3:29
PK Forward
1 - 79% - 60% - 6:18
2 - 21% - 40% - 1:38
PK Defense
1 - 52% - 60% - 4:07
2 - 48% - 40% - 3:49
PK3 Forward
1 - 0% - 60%
2 - 0% - 40%
PK3 Defense
1 - 0% - 60%
2 - 0% - 40%
44 Forward
1 - 0% - 60%
2 - 0% - 40%
44 Defense
1 - 0% - 60%
2 - 0% - 40%
Last Minute Offensive - 0:00
Last Minute Defensive - 0:00
Total
Forward - 60:00
Defense - 60:00
|
% Time on Ice - Wranglers
Lines # - Real PCT - Wanted PCT - Time Play
Normal Forward
1 - 36% - 40% - 15:57
2 - 27% - 30% - 11:52
3 - 21% - 20% - 9:17
4 - 16% - 10% - 7:01
Normal Defense
1 - 41% - 40% - 18:13
2 - 33% - 30% - 14:43
3 - 23% - 20% - 9:57
4 - 3% - 10% - 1:14
PP Forward
1 - 54% - 60% - 4:19
2 - 46% - 40% - 3:37
PP Defense
1 - 57% - 60% - 4:30
2 - 43% - 40% - 3:26
PK Forward
1 - 76% - 60% - 6:03
2 - 24% - 40% - 1:54
PK Defense
1 - 76% - 60% - 6:03
2 - 24% - 40% - 1:54
PK3 Forward
1 - 0% - 60%
2 - 0% - 40%
PK3 Defense
1 - 0% - 60%
2 - 0% - 40%
44 Forward
1 - 0% - 60%
2 - 0% - 40%
44 Defense
1 - 0% - 60%
2 - 0% - 40%
Last Minute Offensive - 0:00
Last Minute Defensive - 0:00
Total
Forward - 60:00
Defense - 60:00
|
Play-by-Play
1st period
0:01 of 1st period - Nolan Patrick wins face-off versus Peter Cehlarik in neutral zone.
1:12 of 1st period - Vladislav Kamenev is hit by Jake Marchment and loses puck.
1:45 of 1st period - Brandon Hickey is hit by Jakub Lauko and loses puck.
3:06 of 1st period - Slapshot by Jesper Bratt.
3:06 of 1st period - Deflect By Chandler Stephenson.
3:06 of 1st period - Shot Misses the Net.
3:06 of 1st period - Puck is out of play.
3:07 of 1st period - Mikhail Vorobyev wins face-off versus Nico Sturm in Wolfpack zone.
3:18 of 1st period - Slapshot by Mikhail Vorobyev.
3:18 of 1st period - Stopped by Joel Hofer with a rebound.
3:20 of 1st period - Snap shot by Cale Fleury.
3:20 of 1st period - Deflect By Andrei Altybarmakyan.
3:20 of 1st period - Shot Blocked by Dominik Masin.
3:20 of 1st period - Puck is out of play.
3:21 of 1st period - Nico Sturm wins face-off versus Nolan Patrick in Wranglers zone.
3:33 of 1st period - Snap shot by Nolan Patrick.
3:33 of 1st period - Shot Misses the Net.
3:35 of 1st period - Slapshot by Joshua Jacobs.
3:35 of 1st period - Shot Misses the Net.
3:47 of 1st period - Dominik Masin is hit by Jake Marchment and loses puck.
4:00 of 1st period - Wrist shot by Peter Cehlarik.
4:00 of 1st period - Shot Misses the Net.
4:02 of 1st period - Slapshot by Brandon Hickey.
4:02 of 1st period - Stopped by Samuel Ersson with a rebound.
4:14 of 1st period - Wrist shot by Peter Cehlarik.
4:14 of 1st period - Stopped by Samuel Ersson without a rebound.
4:15 of 1st period - Nolan Patrick wins face-off versus Chandler Stephenson in Wolfpack zone.
4:15 of 1st period - Nolan Patrick is hit by Frank Corrado.
4:29 of 1st period - Snap shot by Jesper Bratt.
4:29 of 1st period - Stopped by Samuel Ersson with a rebound.
5:23 of 1st period - Christian Jaros is hit by Dryden Hunt and loses puck.
6:16 of 1st period - Slapshot by Ryan Donato.
6:16 of 1st period - Shot Misses the Net.
6:24 of 1st period - Backhand shot by Alexander Volkov.
6:24 of 1st period - Shot Misses the Net.
6:26 of 1st period - Slapshot by Derrick Pouliot.
6:26 of 1st period - Shot Blocked by Dominik Masin.
6:28 of 1st period - Slapshot by Jake Marchment.
6:28 of 1st period - Shot Blocked by Tanner Jeannot.
6:30 of 1st period - Wrist shot by Jake Marchment.
6:30 of 1st period - Shot Misses the Net.
6:32 of 1st period - Snap shot by Jake Marchment.
6:32 of 1st period - Stopped by Joel Hofer with a rebound.
6:36 of 1st period - Snap shot by Alexander Volkov.
6:36 of 1st period - Stopped by Joel Hofer without a rebound.
6:37 of 1st period - Nolan Patrick wins face-off versus Nico Sturm in Wranglers zone.
6:42 of 1st period - Wrist shot by Dryden Hunt.
6:42 of 1st period - Shot Misses the Net.
7:10 of 1st period - Snap shot by Dryden Hunt.
7:10 of 1st period - Goal by Dryden Hunt - Wolfpack : 1 - Wranglers : 0.
7:11 of 1st period - Alex Barre-Boulet wins face-off versus Nico Sturm in neutral zone.
7:28 of 1st period - Snap shot by Barclay Goodrow.
7:28 of 1st period - Stopped by Samuel Ersson without a rebound.
7:29 of 1st period - Nolan Patrick wins face-off versus Chandler Stephenson in Wolfpack zone.
7:38 of 1st period - Wrist shot by Jesper Bratt.
7:38 of 1st period - Shot Blocked by K'Andre Miller.
7:40 of 1st period - Slapshot by Erik Brannstrom.
7:40 of 1st period - Stopped by Samuel Ersson without a rebound.
7:41 of 1st period - Chandler Stephenson wins face-off versus Nolan Patrick in Wolfpack zone.
7:50 of 1st period - Wrist shot by Dryden Hunt.
7:50 of 1st period - Shot Misses the Net.
7:52 of 1st period - Wrist shot by Nolan Patrick.
7:52 of 1st period - Shot Misses the Net.
7:54 of 1st period - Snap shot by Derrick Pouliot.
7:54 of 1st period - Stopped by Joel Hofer with a rebound.
8:08 of 1st period - Wrist shot by Alexander Barabanov.
8:08 of 1st period - Goal by Alexander Barabanov - Wolfpack : 2 - Wranglers : 0.
8:09 of 1st period - Alex Barre-Boulet wins face-off versus Nico Sturm in neutral zone.
9:18 of 1st period - Slapshot by Alexander Volkov.
9:18 of 1st period - Shot Misses the Net.
9:29 of 1st period - Minor Penalty to Vitali Kravtsov for Holding.
9:30 of 1st period - Nolan Patrick wins face-off versus Phillip Danault in Wranglers zone.
9:34 of 1st period - Wrist shot by Nolan Patrick.
9:34 of 1st period - Stopped by Joel Hofer with a rebound.
9:44 of 1st period - Wrist shot by Peter Cehlarik.
9:44 of 1st period - Stopped by Samuel Ersson with a rebound.
9:46 of 1st period - Wrist shot by Phillip Danault.
9:46 of 1st period - Goal by Phillip Danault - Wolfpack : 2 - Wranglers : 1.
9:47 of 1st period - Nolan Patrick wins face-off versus Phillip Danault in neutral zone.
10:30 of 1st period - Snap shot by Alex Barre-Boulet.
10:30 of 1st period - Stopped by Joel Hofer without a rebound.
10:31 of 1st period - Alex Barre-Boulet wins face-off versus Nico Sturm in Wranglers zone.
10:36 of 1st period - Snap shot by Alex Barre-Boulet.
10:36 of 1st period - Stopped by Joel Hofer without a rebound.
10:37 of 1st period - Owen Tippet wins face-off versus Phillip Danault in Wranglers zone.
10:45 of 1st period - Off-side.
10:46 of 1st period - Phillip Danault wins face-off versus Nolan Patrick in neutral zone.
10:49 of 1st period - Sebastian Collberg is hit by Dominik Masin and loses puck.
10:56 of 1st period - Snap shot by Nolan Patrick.
10:56 of 1st period - Deflect By Peter Cehlarik.
10:56 of 1st period - Shot Blocked by Frank Corrado.
10:56 of 1st period - Puck is out of play.
10:57 of 1st period - Phillip Danault wins face-off versus Nolan Patrick in Wranglers zone.
10:57 of 1st period - Phillip Danault is hit by Sebastian Collberg.
11:29 of 1st period - Penalty to Vitali Kravtsov is over, Vitali Kravtsov is back on ice.
12:21 of 1st period - Wrist shot by Chandler Stephenson.
12:21 of 1st period - Shot Hit the Post.
12:23 of 1st period - Slapshot by Brandon Hickey.
12:23 of 1st period - Shot Blocked by K'Andre Miller.
12:33 of 1st period - K'Andre Miller is hit by Vladislav Kamenev and loses puck.
12:40 of 1st period - Wrist shot by Vladislav Kamenev.
12:40 of 1st period - Stopped by Samuel Ersson with a rebound.
12:59 of 1st period - Snap shot by Alexander Barabanov.
12:59 of 1st period - Stopped by Joel Hofer with a rebound.
13:01 of 1st period - Wrist shot by Alex Barre-Boulet.
13:01 of 1st period - Shot Misses the Net.
13:11 of 1st period - Snap shot by Erik Brannstrom.
13:11 of 1st period - Shot Misses the Net.
13:36 of 1st period - Backhand shot by Nolan Patrick.
13:36 of 1st period - Shot Misses the Net.
13:55 of 1st period - Joshua Jacobs is hit by Trevor Carrick and loses puck.
14:26 of 1st period - Wrist shot by Alex Barre-Boulet.
14:26 of 1st period - Goal by Alex Barre-Boulet - Wolfpack : 3 - Wranglers : 1.
14:27 of 1st period - Barclay Goodrow wins face-off versus Nolan Patrick in neutral zone.
14:29 of 1st period - Double Minor Penalty to Frank Corrado for Roughing.
14:30 of 1st period - Phillip Danault wins face-off versus Nolan Patrick in Wranglers zone.
16:28 of 1st period - Brandon Hickey is hit by Jeffrey Viel and loses puck.
18:29 of 1st period - Penalty to Frank Corrado is over, Frank Corrado is back on ice.
18:39 of 1st period - Taylor Raddysh is hit by Mikhail Vorobyev and loses puck.
19:36 of 1st period - Joshua Jacobs is hit by Ryan Donato and loses puck.
Goals for this period are 3 for Wolfpack vs 1 for Wranglers.
Shots for this period are 11 for Wolfpack vs 8 for Wranglers.
2nd period
0:01 of 2nd period - Nico Sturm wins face-off versus Nolan Patrick in neutral zone.
0:15 of 2nd period - Minor Penalty to Nolan Patrick for Tripping.
0:16 of 2nd period - Alexander Barabanov wins face-off versus Nico Sturm in Wolfpack zone.
0:24 of 2nd period - Colton White is hit by Peter Cehlarik and loses puck.
0:43 of 2nd period - Dryden Hunt is hit by Jesper Bratt and loses puck.
1:05 of 2nd period - Jeffrey Viel is hit by Nico Sturm and loses puck.
2:15 of 2nd period - Penalty to Nolan Patrick is over, Nolan Patrick is back on ice.
2:29 of 2nd period - Slapshot by Mikhail Vorobyev.
2:29 of 2nd period - Deflect By Nolan Patrick.
2:29 of 2nd period - Goal by Nolan Patrick - Wolfpack : 4 - Wranglers : 1.
2:29 of 2nd period - Vitek Vanecek enters game.
2:30 of 2nd period - Chandler Stephenson wins face-off versus Nolan Patrick in neutral zone.
2:59 of 2nd period - Slapshot by Taylor Raddysh.
2:59 of 2nd period - Shot Misses the Net.
3:01 of 2nd period - Snap shot by Brandon Hickey.
3:01 of 2nd period - Stopped by Samuel Ersson with a rebound.
3:03 of 2nd period - Slapshot by Taylor Raddysh.
3:03 of 2nd period - Stopped by Samuel Ersson with a rebound.
3:17 of 2nd period - K'Andre Miller is hit by Brandon Hickey and loses puck.
3:18 of 2nd period - K'Andre Miller from Wolfpack is injured at 3:18 of 2nd period (Left Knee).
3:19 of 2nd period - Nolan Patrick wins face-off versus Nico Sturm in Wolfpack zone.
4:13 of 2nd period - Slapshot by Erik Brannstrom.
4:13 of 2nd period - Shot Misses the Net.
4:54 of 2nd period - Slapshot by Derrick Pouliot.
4:54 of 2nd period - Deflect By Christian Jaros.
4:54 of 2nd period - Stopped by Vitek Vanecek without a rebound.
4:55 of 2nd period - Nolan Patrick wins face-off versus Vladislav Kamenev in Wranglers zone.
4:56 of 2nd period - Wrist shot by Sebastian Collberg.
4:56 of 2nd period - Shot Blocked by Brandon Hickey.
4:58 of 2nd period - Slapshot by Cale Fleury.
4:58 of 2nd period - Deflect By Nolan Patrick.
4:58 of 2nd period - Shot Misses the Net.
4:58 of 2nd period - Puck is out of play.
4:59 of 2nd period - Nolan Patrick wins face-off versus Nico Sturm in Wranglers zone.
5:04 of 2nd period - Wrist shot by Nolan Patrick.
5:04 of 2nd period - Goal by Nolan Patrick - Wolfpack : 5 - Wranglers : 1.
5:05 of 2nd period - Barclay Goodrow wins face-off versus Nolan Patrick in neutral zone.
5:10 of 2nd period - Snap shot by Nico Sturm.
5:10 of 2nd period - Shot Misses the Net.
5:12 of 2nd period - Snap shot by Nico Sturm.
5:12 of 2nd period - Shot Misses the Net.
5:14 of 2nd period - Snap shot by Peter Cehlarik.
5:14 of 2nd period - Deflect By Nico Sturm.
5:14 of 2nd period - Shot Misses the Net.
5:14 of 2nd period - Puck is out of play.
5:15 of 2nd period - Peter Cehlarik wins face-off versus Nolan Patrick in Wolfpack zone.
5:16 of 2nd period - Wrist shot by Barclay Goodrow.
5:16 of 2nd period - Stopped by Samuel Ersson with a rebound.
5:18 of 2nd period - Slapshot by Nico Sturm.
5:18 of 2nd period - Stopped by Samuel Ersson with a rebound.
5:26 of 2nd period - Slapshot by Peter Cehlarik.
5:26 of 2nd period - Shot Misses the Net.
5:28 of 2nd period - Snap shot by Barclay Goodrow.
5:28 of 2nd period - Shot Blocked by Derrick Pouliot.
5:30 of 2nd period - Wrist shot by Nico Sturm.
5:30 of 2nd period - Stopped by Samuel Ersson without a rebound.
5:31 of 2nd period - Alex Barre-Boulet wins face-off versus Chandler Stephenson in Wolfpack zone.
5:36 of 2nd period - Slapshot by Derrick Pouliot.
5:36 of 2nd period - Stopped by Vitek Vanecek without a rebound.
5:37 of 2nd period - Phillip Danault wins face-off versus Alex Barre-Boulet in Wranglers zone.
6:01 of 2nd period - Off-side.
6:02 of 2nd period - Nico Sturm wins face-off versus Nolan Patrick in neutral zone.
6:57 of 2nd period - Wrist shot by Colton White.
6:57 of 2nd period - Stopped by Vitek Vanecek with a rebound.
6:59 of 2nd period - Snap shot by Jeffrey Viel.
6:59 of 2nd period - Goal by Jeffrey Viel - Wolfpack : 6 - Wranglers : 1.
7:00 of 2nd period - Nolan Patrick wins face-off versus Nico Sturm in neutral zone.
7:13 of 2nd period - Colton White is hit by Nico Sturm and loses puck.
7:32 of 2nd period - Minor Penalty to Alex Barre-Boulet for Tripping.
7:33 of 2nd period - Nico Sturm wins face-off versus Nolan Patrick in Wolfpack zone.
7:36 of 2nd period - Wrist shot by Erik Brannstrom.
7:36 of 2nd period - Stopped by Samuel Ersson without a rebound.
7:37 of 2nd period - Nico Sturm wins face-off versus Nolan Patrick in Wolfpack zone.
7:46 of 2nd period - Slapshot by Erik Brannstrom.
7:46 of 2nd period - Deflect By Colton White.
7:46 of 2nd period - Stopped by Samuel Ersson with a rebound.
7:48 of 2nd period - Snap shot by Peter Cehlarik.
7:48 of 2nd period - Shot Blocked by Derrick Pouliot.
7:50 of 2nd period - Slapshot by Erik Brannstrom.
7:50 of 2nd period - Stopped by Samuel Ersson with a rebound.
7:52 of 2nd period - Snap shot by Nico Sturm.
7:52 of 2nd period - Shot Misses the Net.
9:32 of 2nd period - Penalty to Alex Barre-Boulet is over, Alex Barre-Boulet is back on ice.
9:35 of 2nd period - Ryan Culkin is hit by Kaapo Kakko.
9:39 of 2nd period - Kaapo Kakko is hit by Joshua Jacobs.
10:11 of 2nd period - Cale Fleury is hit by Jesper Bratt.
10:29 of 2nd period - Icing by Alexander Barabanov.
10:30 of 2nd period - Alex Barre-Boulet wins face-off versus Ryan Donato in Wolfpack zone.
10:35 of 2nd period - Frank Corrado is hit by Mikhail Vorobyev and loses puck.
10:42 of 2nd period - Jakub Lauko is hit by Ryan Donato and loses puck.
10:57 of 2nd period - Slapshot by Colton White.
10:57 of 2nd period - Shot Blocked by Erik Brannstrom.
11:04 of 2nd period - Icing by Colton White.
11:05 of 2nd period - Jake Marchment wins face-off versus Chandler Stephenson in Wolfpack zone.
11:16 of 2nd period - Snap shot by Chandler Stephenson.
11:16 of 2nd period - Shot Misses the Net.
11:18 of 2nd period - Slapshot by Christian Jaros.
11:18 of 2nd period - Stopped by Samuel Ersson with a rebound.
11:37 of 2nd period - Off-side.
11:38 of 2nd period - Nolan Patrick wins face-off versus Nico Sturm in neutral zone.
11:43 of 2nd period - Slapshot by Nolan Patrick.
11:43 of 2nd period - Shot Misses the Net.
13:53 of 2nd period - Slapshot by Jake Marchment.
13:53 of 2nd period - Shot Misses the Net.
13:55 of 2nd period - Slapshot by Jake Marchment.
13:55 of 2nd period - Goal by Jake Marchment - Wolfpack : 7 - Wranglers : 1.
13:56 of 2nd period - Nico Sturm wins face-off versus Nolan Patrick in neutral zone.
15:05 of 2nd period - Wrist shot by Nico Sturm.
15:05 of 2nd period - Stopped by Samuel Ersson with a rebound.
15:07 of 2nd period - Backhand shot by Dominik Masin.
15:07 of 2nd period - Stopped by Samuel Ersson with a rebound.
15:09 of 2nd period - Wrist shot by Peter Cehlarik.
15:09 of 2nd period - Shot Misses the Net.
16:07 of 2nd period - Wrist shot by Alexander Barabanov.
16:07 of 2nd period - Shot Misses the Net.
16:09 of 2nd period - Snap shot by Colton White.
16:09 of 2nd period - Shot Misses the Net.
16:11 of 2nd period - Wrist shot by Alexander Barabanov.
16:11 of 2nd period - Shot Blocked by Trevor Carrick.
16:13 of 2nd period - Slapshot by Colton White.
16:13 of 2nd period - Deflect By Owen Tippet.
16:13 of 2nd period - Stopped by Vitek Vanecek without a rebound.
16:14 of 2nd period - Barclay Goodrow wins face-off versus Nolan Patrick in Wranglers zone.
16:21 of 2nd period - Snap shot by Nico Sturm.
16:21 of 2nd period - Shot Misses the Net.
16:27 of 2nd period - Erik Brannstrom is hit by Nolan Patrick.
16:41 of 2nd period - Snap shot by Chandler Stephenson.
16:41 of 2nd period - Shot Misses the Net.
16:43 of 2nd period - Slapshot by Brandon Hickey.
16:43 of 2nd period - Stopped by Samuel Ersson with a rebound.
16:45 of 2nd period - Slapshot by Christian Jaros.
16:45 of 2nd period - Shot Misses the Net.
17:08 of 2nd period - Tanner Jeannot is hit by Jake Marchment and loses puck.
17:15 of 2nd period - Wrist shot by Alexander Volkov.
17:15 of 2nd period - Deflect By Christian Jaros.
17:15 of 2nd period - Stopped by Vitek Vanecek with a rebound.
17:17 of 2nd period - Slapshot by Derrick Pouliot.
17:17 of 2nd period - Stopped by Vitek Vanecek without a rebound.
17:18 of 2nd period - Nolan Patrick wins face-off versus Nico Sturm in Wranglers zone.
17:23 of 2nd period - Slapshot by Nolan Patrick.
17:23 of 2nd period - Shot Misses the Net.
17:33 of 2nd period - Snap shot by Barclay Goodrow.
17:33 of 2nd period - Stopped by Samuel Ersson without a rebound.
17:34 of 2nd period - Chandler Stephenson wins face-off versus Alex Barre-Boulet in Wolfpack zone.
17:47 of 2nd period - Snap shot by Chandler Stephenson.
17:47 of 2nd period - Shot Blocked by Owen Tippet.
17:49 of 2nd period - Wrist shot by Chandler Stephenson.
17:49 of 2nd period - Stopped by Samuel Ersson without a rebound.
17:50 of 2nd period - Nico Sturm wins face-off versus Nolan Patrick in Wolfpack zone.
18:13 of 2nd period - Icing by Nolan Patrick.
18:14 of 2nd period - Chandler Stephenson wins face-off versus Alex Barre-Boulet in Wolfpack zone.
18:19 of 2nd period - Ryan Culkin is hit by Phillip Danault and loses puck.
19:30 of 2nd period - Colton White is hit by Kaapo Kakko and loses puck.
19:43 of 2nd period - Slapshot by Colton White.
19:43 of 2nd period - Shot Hit the Post.
19:45 of 2nd period - Wrist shot by Owen Tippet.
19:45 of 2nd period - Wolfpack goal is going for a video replay.
19:45 of 2nd period - The goal is good.
19:45 of 2nd period - Goal by Owen Tippet - Wolfpack : 8 - Wranglers : 1.
19:45 of 2nd period - Joel Hofer enters game.
19:46 of 2nd period - Nico Sturm wins face-off versus Nolan Patrick in neutral zone.
19:49 of 2nd period - Snap shot by Erik Brannstrom.
19:49 of 2nd period - Deflect By Dryden Hunt.
19:49 of 2nd period - Stopped by Samuel Ersson without a rebound.
19:50 of 2nd period - Nolan Patrick wins face-off versus Nico Sturm in Wolfpack zone.
19:55 of 2nd period - Wrist shot by Peter Cehlarik.
19:55 of 2nd period - Shot Misses the Net.
19:57 of 2nd period - Snap shot by Peter Cehlarik.
19:57 of 2nd period - Shot Blocked by Ryan Culkin.
19:59 of 2nd period - Slapshot by Frank Corrado.
19:59 of 2nd period - Deflect By Dryden Hunt.
19:59 of 2nd period - Stopped by Samuel Ersson with a rebound.
Goals for this period are 5 for Wolfpack vs 0 for Wranglers.
Shots for this period are 11 for Wolfpack vs 16 for Wranglers.
3rd period
0:01 of 3rd period - Nico Sturm wins face-off versus Nolan Patrick in neutral zone.
0:31 of 3rd period - Erik Brannstrom is hit by Owen Tippet and loses puck.
0:50 of 3rd period - Tanner Jeannot is hit by Jake Marchment and loses puck.
0:55 of 3rd period - Slapshot by Ryan Culkin.
0:55 of 3rd period - Shot Blocked by Christian Jaros.
0:57 of 3rd period - Slapshot by Cale Fleury.
0:57 of 3rd period - Stopped by Joel Hofer without a rebound.
0:58 of 3rd period - Nolan Patrick wins face-off versus Nico Sturm in Wranglers zone.
1:46 of 3rd period - Slapshot by Colton White.
1:46 of 3rd period - Stopped by Joel Hofer with a rebound.
1:48 of 3rd period - Backhand shot by Alexander Volkov.
1:48 of 3rd period - Shot Blocked by Ryan Donato.
1:50 of 3rd period - Wrist shot by Jake Marchment.
1:50 of 3rd period - Shot Misses the Net.
1:52 of 3rd period - Snap shot by Colton White.
1:52 of 3rd period - Stopped by Joel Hofer without a rebound.
1:53 of 3rd period - Nico Sturm wins face-off versus Nolan Patrick in Wranglers zone.
1:53 of 3rd period - Nico Sturm is hit by Nolan Patrick.
2:01 of 3rd period - Slapshot by Nico Sturm.
2:01 of 3rd period - Shot Blocked by Dryden Hunt.
2:03 of 3rd period - Slapshot by Erik Brannstrom.
2:03 of 3rd period - Stopped by Samuel Ersson without a rebound.
2:04 of 3rd period - Nolan Patrick wins face-off versus Nico Sturm in Wolfpack zone.
2:17 of 3rd period - Wrist shot by Dryden Hunt.
2:17 of 3rd period - Shot Blocked by Nico Sturm.
2:27 of 3rd period - Erik Brannstrom is hit by Alexander Barabanov and loses puck.
2:32 of 3rd period - Wrist shot by Alex Barre-Boulet.
2:32 of 3rd period - Stopped by Joel Hofer with a rebound.
2:56 of 3rd period - Wrist shot by Peter Cehlarik.
2:56 of 3rd period - Shot Blocked by Colton White.
3:13 of 3rd period - Snap shot by Nico Sturm.
3:13 of 3rd period - Deflect By Derrick Pouliot.
3:13 of 3rd period - Shot Blocked by Colton White.
3:13 of 3rd period - Puck is out of play.
3:14 of 3rd period - Nolan Patrick wins face-off versus Chandler Stephenson in Wolfpack zone.
3:16 of 3rd period - Minor Penalty to Sebastian Collberg for Tripping.
3:17 of 3rd period - Chandler Stephenson wins face-off versus Nolan Patrick in Wolfpack zone.
3:17 of 3rd period - Wrist shot by Tanner Jeannot.
3:17 of 3rd period - Shot Blocked by Derrick Pouliot.
3:19 of 3rd period - Snap shot by Tanner Jeannot.
3:19 of 3rd period - Shot Misses the Net.
3:25 of 3rd period - Snap shot by Jesper Bratt.
3:25 of 3rd period - Stopped by Samuel Ersson with a rebound.
5:16 of 3rd period - Penalty to Sebastian Collberg is over, Sebastian Collberg is back on ice.
5:32 of 3rd period - Slapshot by Ryan Culkin.
5:32 of 3rd period - Stopped by Joel Hofer without a rebound.
5:33 of 3rd period - Vitali Kravtsov wins face-off versus Jake Marchment in Wranglers zone.
5:58 of 3rd period - Tanner Jeannot is hit by Jakub Lauko and loses puck.
6:37 of 3rd period - Wrist shot by Owen Tippet.
6:37 of 3rd period - Stopped by Joel Hofer with a rebound.
6:39 of 3rd period - Slapshot by Owen Tippet.
6:39 of 3rd period - Shot Blocked by Nico Sturm.
6:41 of 3rd period - Slapshot by Joshua Jacobs.
6:41 of 3rd period - Shot Misses the Net.
7:33 of 3rd period - Slapshot by Erik Brannstrom.
7:33 of 3rd period - Stopped by Samuel Ersson with a rebound.
7:35 of 3rd period - Slapshot by Dominik Masin.
7:35 of 3rd period - Shot Blocked by Derrick Pouliot.
7:39 of 3rd period - Wrist shot by Phillip Danault.
7:39 of 3rd period - Stopped by Samuel Ersson with a rebound.
7:41 of 3rd period - Slapshot by Chandler Stephenson.
7:41 of 3rd period - Shot Misses the Net.
7:43 of 3rd period - Snap shot by Chandler Stephenson.
7:43 of 3rd period - Deflect By Jesper Bratt.
7:43 of 3rd period - Stopped by Samuel Ersson with a rebound.
7:45 of 3rd period - Wrist shot by Trevor Carrick.
7:45 of 3rd period - Deflect By Jesper Bratt.
7:45 of 3rd period - Shot Misses the Net.
7:45 of 3rd period - Puck is out of play.
7:46 of 3rd period - Alex Barre-Boulet wins face-off versus Nico Sturm in Wolfpack zone.
7:53 of 3rd period - Frank Corrado is hit by Alexander Barabanov.
7:57 of 3rd period - Slapshot by Erik Brannstrom.
7:57 of 3rd period - Shot Blocked by Cale Fleury.
8:22 of 3rd period - Slapshot by Colton White.
8:22 of 3rd period - Stopped by Joel Hofer with a rebound.
8:39 of 3rd period - Snap shot by Erik Brannstrom.
8:39 of 3rd period - Shot Blocked by Colton White.
8:41 of 3rd period - Slapshot by Kaapo Kakko.
8:41 of 3rd period - Deflect By Vladislav Kamenev.
8:41 of 3rd period - Stopped by Samuel Ersson with a rebound.
9:22 of 3rd period - Frank Corrado is hit by Dryden Hunt and loses puck.
9:36 of 3rd period - Barclay Goodrow is hit by Sebastian Collberg and loses puck.
9:45 of 3rd period - Slapshot by Barclay Goodrow.
9:45 of 3rd period - Shot Misses the Net.
9:47 of 3rd period - Snap shot by Peter Cehlarik.
9:47 of 3rd period - Shot Misses the Net.
9:49 of 3rd period - Slapshot by Peter Cehlarik.
9:49 of 3rd period - Stopped by Samuel Ersson without a rebound.
9:50 of 3rd period - Alexander Barabanov wins face-off versus Chandler Stephenson in Wolfpack zone.
10:01 of 3rd period - Wrist shot by Chandler Stephenson.
10:01 of 3rd period - Stopped by Samuel Ersson without a rebound.
10:02 of 3rd period - Chandler Stephenson wins face-off versus Alex Barre-Boulet in Wolfpack zone.
10:02 of 3rd period - Minor Penalty to Chandler Stephenson for Slashing.
10:03 of 3rd period - Phillip Danault wins face-off versus Owen Tippet in Wranglers zone.
10:23 of 3rd period - Frank Corrado is hit by Alex Barre-Boulet and loses puck.
11:55 of 3rd period - Derrick Pouliot is hit by Peter Cehlarik and loses puck.
12:02 of 3rd period - Penalty to Chandler Stephenson is over, Chandler Stephenson is back on ice.
12:44 of 3rd period - Wrist shot by Jake Marchment.
12:44 of 3rd period - Shot Misses the Net.
12:58 of 3rd period - Erik Brannstrom is hit by Dryden Hunt and loses puck.
14:06 of 3rd period - Icing by Brandon Hickey.
14:07 of 3rd period - Alex Barre-Boulet wins face-off versus Vladislav Kamenev in Wranglers zone.
14:12 of 3rd period - Wrist shot by Owen Tippet.
14:12 of 3rd period - Stopped by Joel Hofer with a rebound.
14:30 of 3rd period - Peter Cehlarik is hit by Nolan Patrick and loses puck.
15:04 of 3rd period - Icing by Alex Barre-Boulet.
15:05 of 3rd period - Taylor Raddysh wins face-off versus Alex Barre-Boulet in Wolfpack zone.
15:14 of 3rd period - Snap shot by Peter Cehlarik.
15:14 of 3rd period - Shot Blocked by Alex Barre-Boulet.
15:16 of 3rd period - Slapshot by Trevor Carrick.
15:16 of 3rd period - Shot Blocked by Derrick Pouliot.
15:41 of 3rd period - Nolan Patrick is hit by Jesper Bratt and loses puck.
17:07 of 3rd period - Jesper Bratt is hit by Cale Fleury.
17:15 of 3rd period - Wrist shot by Phillip Danault.
17:15 of 3rd period - Stopped by Samuel Ersson without a rebound.
17:16 of 3rd period - Ryan Donato wins face-off versus Owen Tippet in Wolfpack zone.
17:21 of 3rd period - Slapshot by Taylor Raddysh.
17:21 of 3rd period - Shot Blocked by Nolan Patrick.
17:23 of 3rd period - Snap shot by Taylor Raddysh.
17:23 of 3rd period - Deflect By Ryan Donato.
17:23 of 3rd period - Shot Misses the Net.
17:23 of 3rd period - Puck is out of play.
17:24 of 3rd period - Alex Barre-Boulet wins face-off versus Ryan Donato in Wolfpack zone.
17:45 of 3rd period - Minor Penalty to Ryan Culkin for Delaying the game.
17:46 of 3rd period - Nolan Patrick wins face-off versus Nico Sturm in Wolfpack zone.
18:28 of 3rd period - Snap shot by Alexander Barabanov.
18:28 of 3rd period - Stopped by Joel Hofer with a rebound.
18:40 of 3rd period - Peter Cehlarik is hit by Dryden Hunt and loses puck.
18:57 of 3rd period - Slapshot by Alexander Barabanov.
18:57 of 3rd period - Stopped by Joel Hofer with a rebound.
19:45 of 3rd period - Penalty to Ryan Culkin is over, Ryan Culkin is back on ice.
19:50 of 3rd period - Jesper Bratt is hit by Jakub Lauko and loses puck.
Goals for this period are 0 for Wolfpack vs 0 for Wranglers.
Shots for this period are 10 for Wolfpack vs 9 for Wranglers.
Output by the SimonT Hockey Simulator (STHS) for Francois Prevost